 Dungeon Crawl Stone Soup version 0.19-a0-1096-g8280678 (webtiles) character file.

78047 AlphabetPasta the Eclecticist (level 15, -4/74 HPs)
             Began as a Deep Elf Wanderer on Aug 6, 2016.
             Was a High Priest of Vehumet.
             Slain by a stone giant (20 damage)
             ... on level 2 of the Orcish Mines on Aug 7, 2016.
             The game lasted 03:49:28 (30090 turns).

AlphabetPasta the Eclecticist (Deep Elf Wanderer)  Turns: 30090, Time: 03:49:28

Health: -4/74      AC:  9    Str: 13    XL:     15   Next: 17%
Magic:  30/37      EV: 21    Int: 23    God:    Vehumet [*****.]
Gold:   1448       SH:  0    Dex: 11    Spells: 14 memorised, 3 levels left

rFire  + . .     SeeInvis +     a - staff of fire
rCold  . . .     Gourm    .     B - +1 robe {MR+}
rNeg   . . .     Faith    .     (no shield)
rPois  +         Spirit   .     j - +0 helmet
rElec  .         Dismiss  .     n - +1 cloak of Vikiduyt {Regen+ SInv}
rCorr  .         Reflect  .     t - +0 pair of gloves
SustAt .         Harm     .     y - +1 pair of boots
MR     ++...                    (no amulet)
Stlth  ++........               G - ring of poison resistance
                                e - +3 ring of evasion

@: repel missiles
A: no striking features
a: Renounce Religion


You were on level 2 of the Orcish Mines.
You worshipped Vehumet.
Vehumet was extremely pleased with you.
You were not hungry.

You visited 4 branches of the dungeon, and saw 21 of its levels.
You also visited: Labyrinth and Ice Cave.

You collected 1448 gold pieces.

Inventory:

Hand Weapons
 H - a +1 quarterstaff
Missiles
 b - 263 stones (quivered)
Armour
 j - a +0 helmet (worn)
 n - the +1 cloak of Vikiduyt (worn) {Regen+ SInv}
   (You found it on level 5 of the Dungeon)

   It lets you see invisible.
   It increases your rate of regeneration.
 t - a +0 pair of gloves (worn)
 y - a +1 pair of boots (worn)
 B - a +1 robe of magic resistance (worn)
Magical Staves
 a - an uncursed staff of fire (weapon)
 c - an uncursed staff of earth
Jewellery
 d - an uncursed ring of positive energy
 e - a +3 ring of evasion (left hand)
 G - a ring of poison resistance (right hand)
 L - an uncursed ring of ice
 R - an uncursed ring of resist corrosion
Wands
 h - a wand of lightning (0/15)
 i - a wand of iceblast (0/15)
 s - a wand of digging (15/24)
 v - a wand of teleportation (2/9)
 x - a wand of teleportation (6/9)
 E - a wand of hasting (2/9)
 F - a wand of paralysis (13/24)
 O - a wand of lightning (7/15)
Scrolls
 g - a scroll of recharging
 k - 2 scrolls of enchant armour
 q - 4 scrolls of blinking
 u - 6 scrolls of remove curse
 D - 4 scrolls of fear
 M - a scroll of teleportation
 N - 5 scrolls of identify
 Q - a scroll of enchant weapon
Potions
 l - 2 potions of curing
 o - a potion of magic
 p - a potion of cure mutation
 r - 2 potions of flight
 P - a potion of resistance
Books
 w - a book of Annihilations

   Spells                             Type                      Level
   a - Poison Arrow                   Conjuration/Poison           6
   b - Chain Lightning                Conjuration/Air              8
   c - Lehudib's Crystal Spear        Conjuration/Earth            8
   d - Glaciate                       Conjuration/Ice              9
   e - Fire Storm                     Conjuration/Fire             9
 z - a book of Geomancy

   Spells                             Type                      Level
   a - Sandblast                      Earth                        1
   b - Passwall                       Transmutation/Earth          2
   c - Stone Arrow                    Conjuration/Earth            3
   d - Petrify                        Transmutation/Earth          4
   e - Lee's Rapid Deconstruction     Earth                        5
Miscellaneous
 m - a box of beasts
 J - a fan of gales
Comestibles
 f - 5 slices of pizza
 A - 8 meat rations
 C - 15 fruits
 K - 3 bread rations


   Skills:
 - Level 1.0 Fighting
   Level 2.1 Polearms
 + Level 12.4 Dodging
 - Level 3.6 Stealth
 + Level 16.4 Spellcasting
 + Level 15.1 Conjurations
 - Level 3.0 Charms
 - Level 2.0 Translocations
 * Level 11.2 Fire Magic
 - Level 3.0 Air Magic
 * Level 11.5 Earth Magic
 - Level 5.7 Evocations


You had 3 spell levels left.
You knew the following spells:

 Your Spells              Type           Power        Failure   Level  Hunger
a - Flame Tongue          Conj/Fire      #####        0%          1    None
b - Magic Dart            Conj           ####         0%          1    None
c - Blink                 Tloc           N/A          1%          2    None
d - Repel Missiles        Chrm/Air       ####..       1%          2    None
e - Conjure Flame         Conj/Fire      #######.     1%          3    None
f - Mephitic Cloud        Conj/Pois/Air  #####...     1%          3    None
g - Sandblast             Erth           ######       1%          1    None
h - Sticky Flame          Conj/Fire      #######.     1%          4    None
i - Iskenderun's Mystic   Conj           ######..     1%          4    None
j - Irradiate             Conj/Tmut      ######....   1%          5    ##.....
k - Lee's Rapid Deconstr  Erth           ######....   1%          5    ##.....
l - Apportation           Tloc           ####......   1%          1    None
m - Iron Shot             Conj/Erth      ######....   1%          6    ####...
n - Bolt of Magma         Conj/Fire/Erth #######...   1%          5    ##.....


Dungeon Overview and Level Annotations

Branches:
Dungeon (12/15)            Temple (1/1) D:4            Lair (6/6) D:9
  Swamp (0/4) Lair:4        Snake (0/4) Lair:4        Slime (0/5) Lair:6
    Orc (2/2) D:10
    Elf: Orc:2

Altars:
Ashenzari
Cheibriados
Dithmenos
Elyvilon
Fedhas
Gozag
Hepliaklqana
Kikubaaqudgha
Makhleb
Nemelex Xobeh
Okawaru
Pakellas
Qazlal
Ru
Sif Muna
Trog
Uskayaw
Vehumet
Xom
Yredelemnul
Zin
The Shining One

Shops:
D:4 *   D:10 (


Message History

The stone giant is covered in liquid flames!
The stone giant burns!
The stone giant misses you.
The stone giant burns!
You see here 2 large rocks.
The stone giant burns!
The stone giant burns!
The stone giant burns!
The stone giant stops burning.
Casting: Sticky Flame
Confirm with . or Enter, or press ? or * to list all spells.
Aiming: Sticky Flame
Press: ? - help, Shift-Dir - straight line, f/p - stone giant
Aim: a stone giant (lightly wounded)
You feel a surge of power!
The sticky flame hits the stone giant.
The stone giant is moderately wounded.
The stone giant is covered in liquid flames!
The stone giant burns!
The stone giant hits you!!!
Ouch! That really hurt!
* * * LOW HITPOINT WARNING * * *
The stone giant burns!
The stone giant hits you!!
You die...

...................
....$...............
.........#...........
..................#..
.....................
.....................
.....................
.......<.....)......#
.....<..@C.†(<.....#
............(.[....#
......)...#..........
.....................
.......[.............
....................#
.....#.........#.#.#.
..####.#.....###...
####.#...


You could see a stone giant (burning).

Vanquished Creatures
  Rupert (Lair:5)
  Kirke (D:12)
  An orc warlord (Orc:1)
  A minotaur (Lab)
  Fannar (D:11)
  6 hydras
  Harold (Lair:1)
  A catoblepas (Lair:6)
  Erica (D:8)
  A queen ant (D:8)
  A deep troll shaman (Lair:6)
  13 death yaks
  Nergalle (D:12)
  3 hill giants
  An unseen horror (D:12)
  A flayed ghost (D:12)
  3 oklob plants (Lair:6)
  5 ugly things
  14 elephants
  Maurice (D:8)
  5 black mambas
  Psyche (D:11)
  3 ice statues (IceCv)
  17 spiny frogs
  A centaur skeleton (D:11)
  4 rime drakes
  3 komodo dragons
  3 trolls
  2 polar bears
  2 giant leeches (Lair:4)
  4 slime creatures (D:12)
  16 blink frogs
  2 boulder beetles (Lair:6)
  A spriggan (Lair:5)
  55 yaks
  6 wraiths
  2 wyverns
  A basilisk (Lair:6)
  3 fire bats
  4 hogs (D:12)
  A hungry ghost (D:10)
  7 hippogriffs
  Edmund (D:6)
  2 mottled dragons (D:11)
  3 wargs
  8 soldier ants (D:8)
  A swamp worm (Lair:4)
  15 water moccasins
  Duvessa (D:7)
  2 hell hounds (D:9)
  6 porcupines
  12 ice beasts
  19 orc warriors
  4 black bears
  9 sky beasts
  A wasp (D:10)
  A necrophage (D:9)
  4 phantoms
  24 wolves
  9 centaurs
  14 crocodiles
  10 ogres
  3 big kobolds (D:8)
  8 giant frogs
  A gnoll sergeant (D:10)
  Dowan (D:7)
  A water moccasin zombie (D:6)
  A water moccasin skeleton (D:8)
  3 scorpions
  11 killer bees
  A lava snake (Lair:2)
  2 crimson imps
  2 centaur zombies
  4 giant frog zombies (D:7)
  6 hounds
  2 jellies
  10 orc priests
  A giant frog skeleton (D:12)
  17 orc wizards
  2 gnoll shamans (D:6)
  10 iguanas
  28 worker ants
  15 sheep
  A hound skeleton (D:5)
  A howler monkey zombie (D:9)
  Robin (D:4)
  14 gnolls
  34 river rats
  8 adders
  2 shadow imps (D:7)
  4 worms (D:3)
  4 dart slugs
  7 giant geckos
  66 orcs
  16 bats
  6 giant cockroaches
  15 goblins
  13 hobgoblins
  8 jackals
  4 kobolds
  7 quokkas
  2 ball pythons (D:1)
  7 giant newts
  A jackal skeleton (D:7)
  2 jackal zombies
  8 rats
  3 fungi
  3 plants (Lair:5)
713 creatures vanquished.

Vanquished Creatures (collateral kills)
  A rime drake (Lair:6)
  A water moccasin (Lair:6)
2 creatures vanquished.

Vanquished Creatures (others)
  The ghost of mhoghedin the Tainter, a journeyman NaVM of Cheibriados (D:12)
  A wizard (D:10)
  2 humans (D:12)
  An orc priest (D:12)
  An orc (D:12)
  10 fungi
  13 plants
29 creatures vanquished.

Grand Total: 744 creatures vanquished

Notes
Turn   | Place    | Note
-------+----------+-------------------------------------------
     0 | D:1      | AlphabetPasta the Deep Elf Wanderer began the quest for the Orb.
     0 | D:1      | AlphabetPasta set off with: a book of Minor Magic, the Papyrus of Agnosticism, a +0 spear, a +0 robe, a +0 dagger, a bread ration
     0 | D:1      | Reached XP level 1. HP: 12/12 MP: 6/6
     0 | D:1      | Identified the Papyrus of Agnosticism
     2 | D:1      | Learned a level 1 spell: Flame Tongue
     4 | D:1      | Learned a level 1 spell: Magic Dart
   297 | D:1      | Reached skill level 1 in Conjurations
   297 | D:1      | Reached XP level 2. HP: 16/16 MP: 0/8
   313 | D:1      | Learned a level 2 spell: Blink
   316 | D:1      | Learned a level 2 spell: Repel Missiles
   695 | D:1      | Reached skill level 1 in Dodging
  1070 | D:1      | Reached XP level 3. HP: 17/20 MP: 8/10
  1072 | D:1      | Reached skill level 1 in Charms
  1560 | D:2      | Learned a level 3 spell: Conjure Flame
  1841 | D:2      | Reached skill level 4 in Spellcasting
  2197 | D:3      | Learned a level 3 spell: Conjure Flame
  2410 | D:3      | Found an oddly glowing altar of Pakellas.
  2603 | D:3      | HP: 1/20 [something (2)]
  2604 | D:3      | Reached XP level 4. HP: 1/25 MP: 0/12
  3744 | D:4      | Learned a level 3 spell: Mephitic Cloud
  3800 | D:4      | Reached XP level 5. HP: 29/29 MP: 4/14
  3888 | D:4      | Found Kihuriq's General Store.
  3906 | D:4      | Reached skill level 5 in Spellcasting
  4064 | D:4      | Noticed a phantom
  4095 | D:4      | Killed a phantom
  4095 | D:4      | Reached skill level 1 in Air Magic
  4229 | D:4      | Noticed Robin
  4340 | D:4      | Found a staircase to the Ecumenical Temple.
  4349 | Temple   | Entered the Ecumenical Temple
  4633 | D:4      | Reached XP level 6. HP: 34/34 MP: 5/16
  4775 | D:4      | Found a blossoming altar of Fedhas.
  4937 | D:4      | Killed Robin
  5059 | D:5      | Entered Level 5 of the Dungeon
  5130 | D:5      | Noticed an ice beast
  5144 | D:5      | Killed an ice beast
  5144 | D:5      | Reached skill level 6 in Spellcasting
  5144 | D:5      | Reached skill level 1 in Translocations
  5394 | D:5      | Got a faintly humming cloak
  5632 | D:6      | Reached XP level 7. HP: 31/38 MP: 10/18
  6062 | D:6      | Found a basalt altar of Yredelemnul.
  6114 | D:6      | Found a white marble altar of Elyvilon.
  6148 | D:6      | Found a sacrificial altar of Ru.
  6294 | D:6      | Reached skill level 7 in Spellcasting
  6294 | D:6      | Reached skill level 5 in Conjurations
  6577 | D:6      | Noticed Edmund
  6620 | D:6      | Reached XP level 8. HP: 27/43 MP: 14/21
  6639 | D:6      | Killed Edmund
  6865 | D:6      | Found a radiant altar of Vehumet.
  6865 | D:6      | Found a hazy altar of Hepliaklqana.
  6866 | D:6      | Found a shimmering altar of Xom.
  6872 | D:6      | Became a worshipper of Vehumet
  6975 | D:6      | Found a snail-covered altar of Cheibriados.
  6979 | D:6      | Found a shadowy altar of Dithmenos.
  6979 | D:6      | Found a stormy altar of Qazlal.
  6992 | D:6      | Found a shattered altar of Ashenzari.
  6995 | D:6      | Found an opulent altar of Gozag.
  7105 | D:7      | Reached skill level 8 in Spellcasting
  7134 | D:7      | Noticed Duvessa
  7134 | D:7      | Noticed Dowan
  7763 | D:7      | Killed Dowan
  7763 | D:7      | Reached skill level 5 in Dodging
  7883 | D:6      | Reached * piety under Vehumet
  7883 | D:6      | Offered knowledge of Sandblast by Vehumet.
  7898 | D:6      | Identified the +1 cloak of Vikiduyt {Regen+ SInv} (You found it on level 5 of the Dungeon)
  7975 | D:6      | Upgraded the game from 0.19-a0-1077-g1ea189a to 0.19-a0-1090-g3c1ee9c
  8049 | D:6      | Learned a level 1 spell: Sandblast
  8127 | D:7      | Killed Duvessa
  8127 | D:7      | Reached skill level 9 in Spellcasting
  8127 | D:7      | Reached XP level 9. HP: 47/47 MP: 11/24
  8382 | D:7      | Found an iron altar of Okawaru.
  8418 | D:7      | Reached skill level 1 in Earth Magic
  8594 | D:8      | Found a glowing golden altar of the Shining One.
  8674 | D:8      | Noticed Maurice
  8690 | D:8      | Killed Maurice
  8806 | D:8      | Noticed Erica
  8829 | D:8      | Killed Erica
  8829 | D:8      | Reached skill level 10 in Spellcasting
  8829 | D:8      | Reached skill level 5 in Fire Magic
  8835 | D:8      | Reached ** piety under Vehumet
  9021 | D:8      | Offered knowledge of Shock by Vehumet.
  9214 | D:8      | Reached XP level 10. HP: 52/52 MP: 2/26
  9427 | D:8      | Noticed a three-headed hydra
  9607 | D:8      | Killed a three-headed hydra
  9607 | D:8      | Reached skill level 11 in Spellcasting
  9752 | D:8      | Offered knowledge of Ignite Poison by Vehumet.
 10221 | D:8      | Noticed a queen ant
 10304 | D:8      | Killed a queen ant
 10459 | D:8      | Reached *** piety under Vehumet
 10936 | D:9      | Offered knowledge of Olgreb's Toxic Radiance by Vehumet.
 11117 | D:9      | Reached skill level 10 in Conjurations
 11120 | D:9      | Noticed a hill giant
 11141 | D:9      | Killed a hill giant
 11141 | D:9      | Reached skill level 5 in Earth Magic
 11141 | D:9      | Reached XP level 11. HP: 56/56 MP: 9/28
 11280 | D:9      | Reached skill level 12 in Spellcasting
 11343 | D:9      | Found a staircase to the Lair.
 11963 | D:10     | Entered Level 10 of the Dungeon
 12579 | D:10     | Reached **** piety under Vehumet
 12911 | D:10     | Offered knowledge of Sticky Flame by Vehumet.
 13232 | D:10     | Found Hiwnunne's Antique Weapon Shoppe.
 13257 | D:10     | Found a staircase to the Orcish Mines.
 13274 | D:10     | Learned a level 4 spell: Sticky Flame
 13279 | D:10     | Learned a level 4 spell: Iskenderun's Mystic Blast
 13293 | D:10     | Noticed a hill giant
 13302 | D:10     | Killed a hill giant
 13342 | D:10     | Found a bloodstained altar of Trog.
 13344 | D:10     | Noticed a wizard
 13350 | D:10     | Killed a wizard
 13418 | D:11     | Reached skill level 13 in Spellcasting
 13610 | D:11     | Noticed Psyche
 13610 | D:11     | Noticed a hill giant
 13846 | D:11     | Killed Psyche
 13983 | D:11     | Killed a hill giant
 14165 | D:11     | Noticed Fannar
 14520 | D:11     | Reached XP level 12. HP: 60/60 MP: 24/31
 14601 | D:11     | Killed Fannar
 14909 | D:12     | Noticed Nergalle
 14922 | D:12     | Killed Nergalle
 14931 | D:12     | Noticed mhoghedin's ghost (journeyman NaVM)
 15233 | D:12     | Killed mhoghedin's ghost
 15474 | D:12     | Learned a level 5 spell: Irradiate
 15521 | D:12     | Found a glowing golden altar of the Shining One.
 15538 | D:12     | Found a runed door.
 15559 | D:12     | Found an oddly glowing altar of Pakellas.
 15568 | D:12     | Found a hazy altar of Hepliaklqana.
 15571 | D:12     | Found an oddly glowing altar of Pakellas.
 15666 | D:12     | Found a glowing silver altar of Zin.
 15684 | D:12     | Reached skill level 14 in Spellcasting
 15964 | D:12     | Found an oddly glowing altar of Pakellas.
 15964 | D:12     | Noticed Kirke
 15981 | D:12     | Reached ***** piety under Vehumet
 15987 | D:12     | Killed Kirke
 16878 | D:12     | Offered knowledge of Lee's Rapid Deconstruction by Vehumet.
 17012 | D:9      | Learned a level 5 spell: Lee's Rapid Deconstruction
 17013 | Lair:1   | Entered Level 1 of the Lair of Beasts
 17398 | Lair:1   | Noticed Harold
 17420 | Lair:1   | Killed Harold
 17420 | Lair:1   | Reached skill level 10 in Dodging
 17862 | Lair:1   | Reached XP level 13. HP: 64/64 MP: 23/33
 17933 | Lair:1   | Reached skill level 15 in Spellcasting
 18482 | Lair:2   | Reached skill level 1 in Evocations
 18590 | Lair:2   | Found a frozen archway.
 18610 | IceCv    | Entered an ice cave
 20081 | Lair:3   | Found a labyrinth entrance.
 20115 | Lab      | Entered a labyrinth
 20917 | Lab      | Noticed a minotaur
 20948 | Lab      | Killed a minotaur
 21002 | Lair:3   | Learned a level 1 spell: Apportation
 22434 | Lair:4   | Upgraded the game from 0.19-a0-1090-g3c1ee9c to 0.19-a0-1091-g463c9de
 22751 | Lair:4   | Found a staircase to the Snake Pit.
 22940 | Lair:4   | Found a staircase to the Swamp.
 23324 | Lair:5   | Offered knowledge of Iron Shot by Vehumet.
 23706 | Lair:5   | Reached XP level 14. HP: 70/70 MP: 24/35
 23802 | Lair:5   | Learned a level 6 spell: Iron Shot
 24241 | Lair:5   | Reached skill level 5 in Evocations
 24253 | Lair:5   | Reached skill level 10 in Fire Magic
 24259 | Lair:5   | Noticed Rupert
 24620 | Lair:5   | Killed Rupert
 24914 | Lair:6   | Entered Level 6 of the Lair of Beasts
 25472 | Lair:6   | Found a staircase to the Slime Pits.
 25572 | Lair:6   | Reached skill level 16 in Spellcasting
 25572 | Lair:6   | Reached skill level 10 in Earth Magic
 27670 | Lair:6   | Reached ****** piety under Vehumet
 27722 | Lair:6   | Reached skill level 15 in Conjurations
 28258 | Lair:6   | Reached XP level 15. HP: 74/74 MP: 20/37
 28896 | Orc:1    | Entered Level 1 of the Orcish Mines
 28899 | Orc:1    | Offered knowledge of Bolt of Magma by Vehumet.
 29025 | Orc:1    | Learned a level 5 spell: Bolt of Magma
 29025 | Orc:1    | Upgraded the game from 0.19-a0-1091-g463c9de to 0.19-a0-1096-g8280678
 29256 | Orc:2    | Entered Level 2 of the Orcish Mines
 29415 | Orc:1    | Noticed an orc warlord
 29576 | Orc:1    | Killed an orc warlord
 30090 | Orc:2    | Slain by a stone giant

Vault maps used:
D:1:      roderic_chinese_lattice_arrival, serial_forest,
          infiniplex_forest_clump_large, infiniplex_forest_end_2,
          infiniplex_forest_fountain, infiniplex_forest_straight_4,
          infiniplex_forest_straight_5, infiniplex_forest_lined_room_2,
          infiniplex_forest_clump_double
D:3:      grunt_pakellas_basics, first_bread, kennysheep_cross_bottleneck
D:4:      serial_shops, nicolae_shop_statue_plus, small_statue_intersection,
          fedhas_altar_4, uniq_robin
D:6:      kennysheep_ying_yang, gammafunk_temple_overflow_claw,
          old_standard_altar, minmay_overflow_temple_star_hex, uniq_edmund
D:7:      okawaru_altar_gauntlet_db, uniq_duvessa
D:8:      tso_oasis_becter, hangedman_ranch, zaba_antful_of_joy, uniq_maurice,
          uniq_erica
D:9:      minmay_lair_entry_lava, minmay_misc_feat_square
D:10:     orc_0_dummy, serial_shops, kennysheep_little_box, serial_curves,
          eino_curves_04, eino_curves_03, trog_wizard
D:11:     uniq_psyche, uniq_fannar
D:12:     due_megacathedral, uniq_kirke, uniq_nergalle
Temple:   jpeg_temple_island
Lair:1:   beast_lair_carwin_large_2, uniq_harold
Lair:2:   portal_ice_cave_entry_pillars_1
Lair:3:   lab_entry_generic
Lair:4:   minmay_swamp_entry_worms, dummy_snake_entry
Lair:5:   forest_entry_grove, uniq_rupert
Lair:6:   grunt_lair_end_beastmaster, minmay_slime_entry_oklob_enclosed
Orc:2:    grunt_orc_tribal_feast, basic_altar, uniq_snorg
Lab:      nicolae_lab_dead_adventurers
IceCv:    ice_cave_statue_garden_chambered

Skill      XL: |  1  2  3  4  5  6  7  8  9 10 11 12 13 14 15 |
---------------+----------------------------------------------+-----
Conjurations   | 1 2 3 4 5 6 8 10 11 12 14 15 | 15.1
Dodging        | 1 2 3 4 5 6 8 10 11 12 | 12.4
Charms         | 1 2 3 |  3.0
Spellcasting   | 4 5 6 7 9 10 11 13 14 15 16 | 16.4
Air Magic      | 1 2 3 |  3.0
Translocations | 1 2 |  2.0
Fire Magic     | 2 3 4 5 6 7 8 9 10 11 | 11.2
Earth Magic    | 3 5 6 8 9 11 | 11.5
Evocations     | 4 5 |  5.7
Fighting       | |  1.0
Polearms       | |  2.1
Stealth        | |  3.6

Action                   |  1- 3 |  4- 6 |  7- 9 | 10-12 | 13-15 || total
-------------------------+-------+-------+-------+-------+-------++-------
Melee: Spear             |    41 |     2 |    39 |       |       ||    82
       Quarterstaff      |       |       |     4 |    12 |       ||    16
       Staff             |       |       |       |       |     7 ||     7
 Cast: Magic Dart        |   105 |    87 |   122 |   121 |    25 ||   460
       Flame Tongue      |    23 |    89 |   248 |   658 |   405 ||  1423
       Repel Missiles    |     1 |     1 |       |     3 |       ||     5
       Conjure Flame     |     1 |     3 |     8 |    34 |    15 ||    61
       Blink             |       |     3 |       |     7 |     2 ||    12
       Mephitic Cloud    |       |       |    10 |    27 |     8 ||    45
       Sandblast         |       |       |       |    47 |    56 ||   103
       Iskenderun's Myst |       |       |       |    52 |   228 ||   280
       Sticky Flame      |       |       |       |    52 |   115 ||   167
       Lee's Rapid Decon |       |       |       |     8 |    85 ||    93
       Iron Shot         |       |       |       |       |     2 ||     2
       Irradiate         |       |       |       |       |     3 ||     3
       Bolt of Magma     |       |       |       |       |     2 ||     2
Evoke: Wand              |       |       |     8 |     1 |    11 ||    20
  Use: Scroll            |     7 |     3 |     8 |     6 |     8 ||    32
       Potion            |     1 |       |       |     2 |     3 ||     6
 Stab: Invisible         |     1 |     1 |       |       |       ||     2
       Confused          |       |       |     2 |     1 |       ||     3
       Paralysed         |       |       |       |       |     2 ||     2
  Eat: Chunk             |     1 |     9 |     2 |    20 |    21 ||    53
       Bread ration      |     1 |       |     1 |     1 |     3 ||     6
       Meat ration       |       |       |     1 |       |       ||     1
       Beef jerky        |       |       |       |     2 |     3 ||     5
       Fruit             |       |       |       |     1 |     1 ||     2
       Pizza             |       |       |       |       |     2 ||     2
Armor: Robe              |     5 |     4 |    22 |    69 |    44 ||   144
Dodge: Dodged            |    20 |    16 |    79 |   280 |   255 ||   650
       Deflected         |     2 |     1 |     2 |     4 |     2 ||    11
